 Dungeon Crawl Stone Soup version 0.20-a0-454-g2b43fbb (webtiles) character file.

1603115 Cheibrodos the Slayer (level 27, 229/229 HPs)
             Began as a Mummy Earth Elementalist on Jan 1, 2017.
             Was the Champion of Cheibriados.
             Escaped with the Orb
             ... and 3 runes on Jan 9, 2017!
             The game lasted 07:02:19 (95215 turns).

Cheibrodos the Slayer (Mummy Earth Elementalist)   Turns: 95215, Time: 07:02:20

Health: 229/229    AC: 44    Str: 24    XL:     27
Magic:  42/42      EV: 22    Int: 49    God:    Cheibriados [******]
Gold:   3239       SH:  8    Dex: 35    Spells: 3/56 levels left

rFire  + + .     SeeInvis +     I - 3 sacks of spiders {snozzcumber}
rCold  + . .     Gourm    .     B - +8 plate armour of the Guild-Master {Int+6 Dex+5 Stlth-}
rNeg   + + +     Faith    .     c - +0 buckler {rF+}
rPois  ∞         Spirit   .     K - +3 crown of Dyrovepreva {rElec Int+2 SInv}
rElec  +         Reflect  .     M - +2 cloak {MR+}
rCorr  .         Harm     .     h - +2 pair of gloves
MR     ++++.                    y - +2 pair of boots
Stlth  ..........               g - amulet of regeneration
                                z - ring "Inuckiux" {rElec rF++ rN+ Str-3 Int+2}
                                O - +5 ring of protection

@: very slow
A: no food or potions, fire vulnerability, cold resistance 1, negative energy
resistance 3, torment resistance, unbreathing, in touch with death 2
0: Orb of Zot
}: 3/15 runes: serpentine, barnacled, slimy
a: Bend Time, Temporal Distortion, Slouch, Step From Time, Renounce Religion


You escaped.
You worshipped Cheibriados.
Cheibriados was exalted by your worship.
You were not hungry.

You visited 12 branches of the dungeon, and saw 57 of its levels.
You also visited: Wizlab and Desolation.

You collected 7425 gold pieces.
You spent 4186 gold pieces at shops.


Innate Abilities, Weirdness & Mutations

You do not eat or drink.
Your flesh is vulnerable to fire.
You are immune to poison.
Your flesh is cold resistant. (rC+)
You are immune to negative energy. (rN+++)
You are immune to unholy pain and torment.
You can survive without breathing.
You are strongly in touch with the powers of death.


   Skills:
 + Level 21.4 Fighting
 - Level 2.0(9.5) Short Blades
 - Level 14.0 Long Blades
 - Level 16.1 Armour
 - Level 14.9 Dodging
 - Level 1.5 Stealth
 - Level 5.1 Shields
 - Level 15.4 Spellcasting
 + Level 18.9 Conjurations
 - Level 8.8 Charms
 - Level 3.4 Translocations
 - Level 0.7 Transmutations
 - Level 5.3 Ice Magic
 - Level 9.1 Air Magic
 + Level 20.4 Earth Magic
 - Level 12.5 Invocations
 - Level 8.0 Evocations


You had 3 spell levels left.
You knew the following spells:

 Your Spells              Type           Power        Failure   Level  Hunger
a - Apportation           Tloc           ######....   1%          1    N/A
b - Passwall              Tmut/Erth      #######...   1%          2    N/A
c - Stone Arrow           Conj/Erth      ######       0%          3    N/A
d - Petrify               Tmut/Erth      #######.     1%          4    N/A
e - Lee's Rapid Deconstr  Erth           ########..   1%          5    N/A
f - Bolt of Magma         Conj/Fire/Erth ########..   1%          5    N/A
g - Sandblast             Erth           ######       0%          1    N/A
h - Iron Shot             Conj/Erth      ########..   1%          6    N/A
i - Blink                 Tloc           N/A          1%          2    N/A
j - Repel Missiles        Chrm/Air       ######       1%          2    N/A
k - Conjure Flame         Conj/Fire      #######.     1%          3    N/A
l - Passage of Golubria   Tloc           N/A          12%         4    N/A
m - Lesser Beckoning      Tloc           ######....   3%          3    N/A
n - Freezing Cloud        Conj/Ice/Air   #######...   10%         6    N/A
o - Deflect Missiles      Chrm/Air       #######...   17%         6    N/A

Inventory:

Hand Weapons
 a - a +9 demon blade of freezing
 H - a +2 dagger of distortion
Missiles
 q - 18 throwing nets (quivered)
 X - 1704 stones
Armour
 c - a +0 buckler of fire resistance (worn)
 h - a +2 pair of gloves (worn)
 y - a +2 pair of boots (worn)
 B - the +8 plate armour of the Guild-Master (worn) {Int+6 Dex+5 Stlth-}
   (You found it in the Desolation of Salt)

   It affects your intelligence (+6).
   It affects your dexterity (+5).
   It makes you less stealthy.
 K - the +3 crown of Dyrovepreva (worn) {rElec Int+2 SInv}
   (You bought it in a shop on level 12 of the Dungeon)

   It affects your intelligence (+2).
   It insulates you from electricity.
   It lets you see invisible.
 M - a +2 cloak of magic resistance (worn)
 Y - +3 fire dragon scales
Magical Staves
 b - an uncursed staff of earth
 E - an uncursed staff of energy {!a}
Jewellery
 g - an amulet of regeneration (around neck)
 k - a +6 amulet of reflection
 r - the ring of the Mage {Wiz MR++ Int+3}
   (You took it off a merfolk on level 3 of the Shoals)

   [ring of wizardry]

   It improves your spell success rate.
   It affects your intelligence (+3).
   It affects your resistance to hostile enchantments.
 w - the amulet of the Four Winds {rN+ MR+++ Clar}
   (You took it off a deep elf master archer on level 3 of the Elven Halls)

   [amulet of nothing]

   It protects you from negative energy.
   It affects your resistance to hostile enchantments.
   It protects you against confusion.
 z - the ring "Inuckiux" (right hand) {rElec rF++ rN+ Str-3 Int+2}
   (You found it on level 5 of the Pits of Slime)

   [ring of positive energy]

   It affects your strength (-3).
   It affects your intelligence (+2).
   It greatly protects you from fire.
   It insulates you from electricity.
   It protects you from negative energy.
 C - an uncursed ring of protection from cold
 F - an uncursed ring of protection from fire
 L - an uncursed ring of flight
 O - a +5 ring of protection (left hand)
 R - an uncursed ring of resist corrosion
Wands
 n - a wand of digging (16/24)
 o - a wand of paralysis (23/24)
 v - a wand of polymorph (9/24)
 x - a wand of iceblast (10/15)
 A - a wand of acid (9/15)
 G - a wand of acid (15/15)
 T - a wand of digging (3/24)
 W - a wand of digging (0/24)
 Z - a wand of acid (4/15)
Scrolls
 e - 15 scrolls of remove curse {@r2}
 f - 5 scrolls of identify {@r1}
 j - 4 scrolls of fog
 l - 9 scrolls of recharging
 p - 8 scrolls of teleportation {@r4}
 s - 7 scrolls of vulnerability {!r}
 t - 5 scrolls of immolation {!r}
 D - a scroll of summoning
 J - 10 scrolls of fear
 N - a scroll of silence
 U - 6 scrolls of blinking
Miscellaneous
 d - a lamp of fire
 i - a phial of floods
 m - 3 phantom mirrors
 u - a lightning rod (4/4) {!a}
 I - 3 sacks of spiders (in hand) {snozzcumber}
 P - 3 boxes of beasts
 S - a fan of gales

#### ##########
#@.#####........##
##..[.##########.#
##........########.
#..............####
###.............##!
###..............
#####..........
####..#....
#####...


There were no monsters in sight!


Message History

Which direction?
You begin to meditate on the wall.
You continue meditating on the rock. x4
The Orb Guardian hits you! The Orb Guardian misses you.
You finish merging with the rock.
Unknown command.
Unknown command.
Evoke which item? (* to show all) (? for menu, Esc to quit)
Aiming: Dig
Press: ? - help, Shift-Dir - straight line The rock shatters into small pieces.
This wand has 4 charges left.
Evoke which item? (* to show all) (? for menu, Esc to quit)
Aiming: Dig
Press: ? - help, Shift-Dir - straight line The rock shatters into small pieces.
This wand has 3 charges left.
Casting: Passwall
Confirm with . or Enter, or press ? or * to list all spells.
Which direction?
You begin to meditate on the wall.
You continue meditating on the rock. x2
You finish merging with the rock.
Unknown command.
There is a staircase leading out of the dungeon here.
Unknown command.
Wield which item (- for none, * to show all)? (? for menu, Esc to quit)
Your +9 demon blade of freezing stops glowing.
I - 3 sacks of spiders (in hand) Inscribe with what? snozzcumber Unknown command.
You have escaped!

Action                   |  1- 3 |  4- 6 |  7- 9 | 10-12 | 13-15 | 16-18 | 19-21 | 22-24 | 25-27 || total
-------------------------+-------+-------+-------+-------+-------+-------+-------+-------+-------++-------
Melee: Unarmed           |    15 |       |       |       |       |       |       |       |       ||    15
       Dagger            |    55 |   134 |    41 |       |       |       |       |       |       ||   230
       Mace              |    34 |       |       |       |       |       |       |       |       ||    34
       Long sword        |       |       |   109 |   294 |   631 |   493 |       |       |       ||  1527
       Demon blade       |       |       |       |       |       |   162 |  1204 |  1544 |  2501 ||  5411
       Staff             |       |       |       |       |       |       |       |     1 |     3 ||     4
Throw: Stone             |       |       |       |       |       |       |       |       |     1 ||     1
 Cast: Sandblast         |    22 |    14 |    20 |    15 |     3 |       |     1 |       |     4 ||    79
       Stone Arrow       |       |    15 |    40 |   166 |   242 |    97 |    15 |     6 |     2 ||   583
       Lee's Rapid Decon |       |       |     2 |    11 |    52 |   113 |    79 |   114 |    36 ||   407
       Bolt of Magma     |       |       |       |    13 |   140 |    65 |    97 |    41 |    48 ||   404
       Petrify           |       |       |       |     2 |     3 |       |     1 |       |       ||     6
       Iskenderun's Batt |       |       |       |       |     2 |     1 |       |       |       ||     3
       Iron Shot         |       |       |       |       |    37 |   225 |   152 |   191 |   401 ||  1006
       Repel Missiles    |       |       |       |       |       |    10 |    18 |     3 |     5 ||    36
       Apportation       |       |       |       |       |       |     3 |     1 |     1 |     2 ||     7
       Conjure Flame     |       |       |       |       |       |     2 |     3 |     6 |     3 ||    14
       Passwall          |       |       |       |       |       |     1 |       |       |     4 ||     5
       Blink             |       |       |       |       |       |       |       |     1 |       ||     1
       Freezing Cloud    |       |       |       |       |       |       |       |     2 |    11 ||    13
       Lesser Beckoning  |       |       |       |       |       |       |       |     1 |       ||     1
       Deflect Missiles  |       |       |       |       |       |       |       |       |    13 ||    13
Invok: Temporal Distorti |       |       |       |     4 |     2 |     2 |     2 |       |       ||    10
       Slouch            |       |       |       |     3 |     4 |     5 |     7 |     4 |     8 ||    31
       Step From Time    |       |       |       |       |     3 |       |     1 |       |     1 ||     5
       Bend Time         |       |       |       |       |       |       |       |     1 |       ||     1
Evoke: Wand              |       |       |     1 |     8 |     7 |     8 |     2 |    19 |    28 ||    73
       Lamp of fire      |       |       |       |       |       |     3 |       |     2 |     4 ||     9
       Phial of floods   |       |       |       |       |       |     2 |     1 |       |     2 ||     5
       Lightning rod     |       |       |       |       |       |     4 |       |       |       ||     4
       Sack of spiders   |       |       |       |       |       |       |     2 |       |     2 ||     4
       Box of beasts     |       |       |       |       |       |       |       |       |     1 ||     1
  Use: Scroll            |     3 |     4 |     4 |    17 |    15 |    22 |     6 |    21 |    25 ||   117
 Stab: Sleeping          |     1 |     1 |     4 |     2 |     7 |     1 |     2 |       |       ||    18
       Distracted        |       |       |       |     2 |       |       |     3 |     2 |     3 ||    10
       Confused          |       |       |       |       |       |       |       |       |     2 ||     2
Armor: Robe              |    44 |     9 |       |       |       |       |       |       |       ||    53
       Leather armour    |       |    14 |    48 |   119 |   152 |       |       |       |       ||   333
       Ring mail         |       |       |       |    16 |       |       |       |       |       ||    16
       Scale mail        |       |       |       |       |   147 |   351 |   201 |       |       ||   699
       Fire dragon scale |       |       |       |       |       |       |   114 |   352 |   306 ||   772
       Plate armour      |       |       |       |       |       |       |       |   203 |   863 ||  1066
Dodge: Dodged            |    98 |    81 |    83 |   321 |   556 |   748 |   932 |   841 |  1745 ||  5405
       Deflected         |       |       |       |       |       |    39 |    85 |    43 |   100 ||   267
Block: Buckler           |       |       |       |       |       |       |   222 |   437 |   721 ||  1380
       Rpst.: Long sword |       |       |     9 |    86 |   152 |   114 |       |       |       ||   361
       Demon blade       |       |       |       |       |       |    39 |   165 |   166 |   291 ||   661

Vault maps used:
D:1:      eino_arrival_cavern_e
D:2:      lemuel_blue_sif_altar, lemuel_crystal_altar, cheibriados_altar_1,
          first_bread, grunt_ministairs_7, uniq_natasha
D:3:      lemuel_doored_altar, lemuel_coloured_pillars_altar
D:4:      led_xom_imps, uniq_menkaure
D:5:      vehumet_statue, water_maze_lemuel, uniq_prince_ribbit1,
          uniq_crazy_yiuf_cottage, uniq_edmund
D:6:      black_bear_nest_2, lemuel_zombie_altar_yredelemnul,
          lemuel_crystal_altar
D:8:      grunt_gozag_statues, serial_shops, kennysheep_mini, david_nohive_1,
          lemuel_angel_altar
D:9:      nemelex_xobeh_ov_fountains_minmay, old_standard_altar
D:10:     minmay_lair_entry_lava
D:11:     basic_altar, serial_shops, shop_statue
D:12:     zombieorc1_lemuel, serial_shops, shop,
          nrook_guardian_serpent_ordinary, uniq_urug
D:13:     david_vaults_1, minivault_11, uniq_azrael
D:14:     interstate_on_off, kennysheep_island_fort
D:15:     hangedman_depths_entry_civil_slaughter, basic_altar,
          minmay_stone_trees_medium, serial_shops, shop
Temple:   dpeg_chambers_temple
Lair:1:   columned_hall_lemuel, wad_woods_01, serial_bayou_shore_b,
          infiniplex_staircase_pool_2, minmay_lair_oklob_chamber, uniq_harold
Lair:2:   guppyfry_snake_entry_garden
Lair:3:   minmay_shoals_entry_centaurs, grunt_megastairs_4, uniq_rupert
Lair:4:   uniq_josephine
Lair:6:   evilmike_catoblepas_cave, dpeg_slime_entry_corner,
          serial_bayou_shore_b
Shoals:3: serial_shops, shop, uniq_polyphemus
Shoals:4: shoals_end_grunt_ice, shoal_ilsuiw
Snake:1:  minmay_shoptagon
Snake:2:  uniq_vashnia, uniq_frances, uniq_aizul
Snake:3:  grunt_ministairs_11
Snake:4:  snake_pit_salamanders_mu, serial_shops, shop
Orc:1:    nicolae_orc_accident_3, basic_altar, nicolae_orc_lava_room
Orc:2:    pf_orc_diabolical, special_room, mines2_david
Elf:1:    minmay_elf_arrival_summoners, portal_desolation_entry_twin_temple,
          enter_trove_1, hangedman_elf_represent
Elf:3:    grunt_elf_hall_asides, serial_shops, shop, minivault_14,
          uniq_bai_suzhen, uniq_jorgrun
Vaults:1: nicolae_vaults_network_s, vaults_mumra_chevron_long,
          vaults_room_stairs_pillars, grunt_vaults_hallway_short,
          vaults_room_octagon, nicolae_vaults_mini_display_case,
          nicolae_vaults_back_hallway, vaults_dpeg_hooks,
          nicolae_vaults_hallways_thing, grunt_vaults_diagonal,
          nicolae_vaults_network_quincunx, vaults_dpeg_cross, serial_ice_h,
          hangedman_vaults_impose, ontoclasm_vaults_misaligned,
          nicolae_vaults_windows_and_doors_thing, nicolae_vaults_murderbox,
          vaults_room_door_ring, serial_shops, nicolae_shop_statue_plus
Vaults:2: ontoclasm_vaults_twist, nicolae_vaults_three_branches,
          grunt_vaults_hallway_long, vaults_mumra_minichess_inversion,
          nicolae_vaults_network_periphery, nicolae_vaults_ninety_degrees,
          nicolae_vaults_little_squares_6, special_room_vaults,
          hangedman_vaults_nodes, ontoclasm_vaults_eye, v_misc_16,
          vaults_dpeg_ring, uniq_margery
Vaults:3: grunt_vaults_twisty, vaults_mumra_lcd, vaults_mumra_chevron,
          ontoclasm_vaults_shuriken, v_alt_pattern_1,
          hangedman_vaults_restitches, v_alt_pattern_6, vaults_room_semicircle,
          minmay_crypt_entry_necro_gods
Vaults:4: v_alt_pattern_2, v_misc_31, ontoclasm_vaults_tryst,
          vaults_dpeg_encased_lava, vaults_room_hallway, v_alt_pattern_3,
          nicolae_vaults_gold_heap, v_misc_2, serial_shops, shop
Crypt:3:  church_of_pain_bobbens, grunt_megastairs_3
Depths:1: hangedman_geh_valley, dk_noncrumbling_3, nrook_uturn, kennysheep_dice
Depths:2: box_level_dp, pan_entry, hell_entry
Depths:3: minmay_octo_star, pan_entry, hell_entry, abyss_entry, uniq_boris
Depths:4: kennysheep_windowed_halls, grunt_decor_one_mirror, hell_entry,
          abyss_entry_crystal, hangedman_decor_clover_reticule, stair_cage_line,
          serial_bayou_shore_b, uniq_boris
Depths:5: grunt_twist_and_shout, hell_entry, serial_sigils,
          serial_sigils_hangedman_scratch, serial_sigils_hangedman_stare,
          serial_sigils_hangedman_leer, serial_sigils_hangedman_gnaw,
          mu_enter_wizlab_2, serial_shops, shop_statue
Zot:1:    kennysheep_ambush_hall, grunt_ministairs_3
Zot:2:    kennysheep_room_grid
Zot:3:    nicolae_zot_draconian_monastery
Zot:4:    lemuel_baited_zot_trap
WizLab:   wizlab_cloud

Notes
Turn   | Place    | Note
-------+----------+-------------------------------------------
     0 | D:1      | Cheibrodos the Mummy Earth Elementalist began the quest for the Orb.
     0 | D:1      | Reached XP level 1. HP: 13/13 MP: 4/4
   290 | D:1      | Reached XP level 2. HP: 15/19 MP: 5/5
   295 | D:1      | Learned a level 2 spell: Passwall
   385 | D:1      | Reached skill level 3 in Earth Magic
  1428 | D:1      | Reached XP level 3. HP: 24/24 MP: 0/7
  1433 | D:1      | Learned a level 3 spell: Stone Arrow
  1946 | D:2      | Found a snail-covered altar of Cheibriados.
  1958 | D:2      | Became a worshipper of Cheibriados the Contemplative
  2222 | D:2      | Found a shimmering altar of Xom.
  2240 | D:2      | Reached skill level 1 in Conjurations
  2240 | D:2      | Reached XP level 4. HP: 25/30 MP: 6/8
  2455 | D:2      | Noticed Natasha
  2465 | D:2      | Killed Natasha
  2790 | D:2      | Noticed Natasha
  2800 | D:2      | Killed Natasha
  2800 | D:2      | Reached skill level 3 in Spellcasting
  2800 | D:2      | Reached skill level 1 in Invocations
  2910 | D:2      | Found a deep blue altar of Sif Muna.
  2982 | D:3      | Noticed frankzf's ghost (amateur TeSu)
  2986 | D:3      | Killed frankzf's ghost
  2986 | D:3      | Reached skill level 2 in Conjurations
  2986 | D:3      | Reached skill level 4 in Earth Magic
  2986 | D:3      | Reached XP level 5. HP: 35/35 MP: 1/9
  3173 | D:3      | Found an iron altar of Okawaru.
  3247 | D:3      | Reached * piety under Cheibriados
  3825 | D:3      | Found a hazy altar of Hepliaklqana.
  3990 | D:4      | Reached XP level 6. HP: 25/41 MP: 11/11
  4080 | D:4      | Got a jewelled long sword
  4271 | D:4      | Reached ** piety under Cheibriados
  4354 | D:4      | Reached skill level 1 in Short Blades
  4464 | D:4      | Found a staircase to the Ecumenical Temple.
  4497 | Temple   | Entered the Ecumenical Temple
  4499 | Temple   | Reached skill level 4 in Spellcasting
  4639 | D:4      | Reached skill level 3 in Conjurations
  4785 | D:4      | Found a shimmering altar of Xom.
  4924 | D:4      | Reached XP level 7. HP: 44/46 MP: 11/13
  5290 | D:4      | Noticed Menkaure
  5302 | D:4      | Killed Menkaure
  5458 | D:5      | Entered Level 5 of the Dungeon
  5496 | D:5      | Learned a level 4 spell: Petrify
  5502 | D:5      | Learned a level 5 spell: Lee's Rapid Deconstruction
  5520 | D:5      | Found a runed door.
  5524 | D:5      | Noticed Crazy Yiuf
  5530 | D:5      | Killed Crazy Yiuf
  5530 | D:5      | Reached skill level 2 in Short Blades
  5530 | D:5      | Reached skill level 4 in Conjurations
  5561 | D:5      | Identified the +10 long sword "Zammadd" {freeze, *Drain Int+5} (You found it on level 4 of the Dungeon)
  5617 | D:5      | Found a radiant altar of Vehumet.
  5628 | D:5      | Noticed a two-headed ogre
  5683 | D:5      | Reached skill level 5 in Spellcasting
  5715 | D:5      | Reached skill level 5 in Earth Magic
  5782 | D:5      | Noticed Harvester's ghost (novice OpTm)
  5833 | D:4      | Reached *** piety under Cheibriados
  5867 | D:5      | Noticed Prince Ribbit
  5873 | D:4      | Reached XP level 8. HP: 30/52 MP: 3/15
  5874 | D:4      | Killed Prince Ribbit
  5874 | D:4      | Reached skill level 1 in Long Blades
  6068 | D:5      | Killed Harvester's ghost
  6068 | D:5      | Reached skill level 2 in Long Blades
  6068 | D:5      | Reached skill level 6 in Earth Magic
  6199 | D:5      | Noticed Edmund
  6292 | D:5      | Killed Edmund
  6292 | D:5      | Reached skill level 5 in Conjurations
  6391 | D:5      | Killed a two-headed ogre
  6391 | D:5      | Reached skill level 3 in Long Blades
  6391 | D:5      | Reached skill level 7 in Earth Magic
  6391 | D:5      | Reached XP level 9. HP: 57/57 MP: 11/17
  6873 | D:6      | Found a glowing golden altar of the Shining One.
  6922 | D:6      | Reached skill level 2 in Invocations
  6949 | D:6      | Found a basalt altar of Yredelemnul.
  7006 | D:6      | Reached **** piety under Cheibriados
  7031 | D:6      | Noticed Ofeo's ghost (amateur KoAM)
  7033 | D:6      | Killed Ofeo's ghost
  7391 | D:6      | Reached skill level 4 in Long Blades
  7698 | D:7      | Reached skill level 3 in Invocations
  7740 | D:7      | Reached skill level 8 in Earth Magic
  7837 | D:7      | Reached skill level 6 in Conjurations
  7838 | D:7      | Reached skill level 2 in Dodging
  7919 | D:7      | Reached XP level 10. HP: 63/63 MP: 18/18
  8001 | D:7      | Reached ***** piety under Cheibriados
  8558 | D:8      | Noticed a two-headed ogre
  8670 | D:8      | Found an opulent altar of Gozag.
  8683 | D:8      | Found a glowing golden altar of the Shining One.
  8683 | D:8      | Noticed an angel
  8684 | D:8      | Found a runed door.
  8769 | D:8      | Killed a two-headed ogre
  8769 | D:8      | Reached skill level 3 in Dodging
  8769 | D:8      | Reached skill level 6 in Spellcasting
  8769 | D:8      | Reached skill level 4 in Invocations
  8932 | D:8      | Reached skill level 9 in Earth Magic
  8941 | D:8      | Reached skill level 1 in Fighting
  9127 | D:8      | Found Medumm's Magic Scroll Boutique.
  9130 | D:8      | Bought a scroll of teleportation for 33 gold pieces
  9130 | D:8      | Bought a scroll of enchant armour for 82 gold pieces
  9130 | D:8      | Bought a scroll of enchant armour for 82 gold pieces
  9329 | D:8      | Reached skill level 7 in Spellcasting
  9897 | D:9      | Found a sparkling altar of Nemelex Xobeh.
 10020 | D:9      | Reached skill level 2 in Fighting
 10284 | D:9      | Noticed a two-headed ogre
 10296 | D:9      | Killed a two-headed ogre
 10296 | D:9      | Reached skill level 5 in Invocations
 10296 | D:9      | Reached XP level 11. HP: 73/73 MP: 8/21
 10638 | D:9      | Found an ancient bone altar of Kikubaaqudgha.
 10848 | D:9      | Reached skill level 3 in Fighting
 10921 | D:9      | Reached ****** piety under Cheibriados
 11058 | D:10     | Entered Level 10 of the Dungeon
 11272 | D:10     | Noticed a two-headed ogre
 11276 | D:10     | Killed a two-headed ogre
 11432 | D:10     | Reached skill level 4 in Fighting
 11464 | D:10     | Found a staircase to the Lair.
 11493 | D:10     | Noticed a two-headed ogre
 11500 | D:10     | Killed a two-headed ogre
 11500 | D:10     | Reached skill level 10 in Earth Magic
 11696 | D:10     | Reached skill level 6 in Invocations
 12040 | Lair:1   | Entered Level 1 of the Lair of Beasts
 12042 | Lair:1   | Noticed archon2's ghost (journeyman DsFE)
 12261 | D:11     | Reached skill level 5 in Fighting
 12329 | D:11     | Noticed a cyan ugly thing
 12332 | D:11     | Killed a cyan ugly thing
 12371 | D:11     | Noticed a two-headed ogre
 12438 | D:11     | Killed a two-headed ogre
 12468 | D:11     | Found a hide-covered altar of Uskayaw.
 12484 | D:11     | Learned a level 5 spell: Bolt of Magma
 12769 | D:11     | Reached XP level 12. HP: 86/86 MP: 9/22
 12863 | D:11     | Reached skill level 11 in Earth Magic
 13028 | D:11     | Found Sonifail's Antique Weapon Emporium.
 13072 | D:11     | Learned a level 5 spell: Iskenderun's Battlesphere
 13458 | Lair:1   | Reached skill level 7 in Invocations
 13625 | Lair:2   | Noticed a seven-headed hydra
 13631 | Lair:2   | Killed a seven-headed hydra
 13684 | Lair:2   | Reached skill level 5 in Long Blades
 14300 | Lair:2   | Reached skill level 8 in Spellcasting
 14309 | Lair:1   | Noticed an eight-headed hydra
 14375 | Lair:1   | Reached skill level 7 in Conjurations
 14484 | Lair:1   | Noticed Harold
 14635 | Lair:2   | Found a staircase to the Snake Pit.
 14807 | Lair:3   | Noticed Rupert
 15095 | Lair:4   | Reached skill level 6 in Long Blades
 15174 | Lair:4   | Reached skill level 8 in Invocations
 15379 | Lair:4   | Noticed Josephine
 15627 | Lair:5   | Gained mutation: You are in touch with the powers of death. [Mummy growth]
 15627 | Lair:5   | Reached XP level 13. HP: 91/91 MP: 16/25
 16007 | Lair:5   | Reached skill level 9 in Spellcasting
 16206 | Lair:6   | Entered Level 6 of the Lair of Beasts
 16762 | Lair:6   | Reached skill level 8 in Conjurations
 17229 | Lair:6   | Reached skill level 7 in Long Blades
 17229 | Lair:6   | Reached skill level 12 in Earth Magic
 17260 | Lair:6   | Found a staircase to the Slime Pits.
 18368 | Lair:6   | Reached XP level 14. HP: 79/98 MP: 8/27
 18739 | Lair:5   | Learned a level 6 spell: Iron Shot
 18843 | Lair:4   | Reached skill level 13 in Earth Magic
 18975 | Lair:4   | Got a pair of jewelled gloves
 18986 | Lair:4   | Identified the +0 pair of gloves "Goyn" {*Corrode *Slow rElec Int+3} (You found it on level 4 of the Lair of Beasts)
 19455 | Lair:3   | Reached skill level 8 in Long Blades
 19508 | Lair:3   | Killed Rupert
 19508 | Lair:3   | Reached skill level 9 in Conjurations
 20027 | Lair:3   | Found a staircase to the Shoals.
 21164 | Lair:1   | Killed archon2's ghost
 21452 | D:12     | Found a staircase to the Orcish Mines.
 21901 | D:12     | Found Iselyr's Antique Armour Shop.
 22067 | D:12     | Reached skill level 4 in Dodging
 22426 | D:12     | Noticed Urug
 22432 | D:12     | Killed Urug
 22976 | D:13     | Noticed Azrael
 23491 | D:13     | Reached skill level 5 in Dodging
 23849 | D:12     | Bought the +3 crown of Dyrovepreva {rElec Int+2 SInv} for 1117 gold pieces
 24061 | D:14     | Reached skill level 9 in Long Blades
 24070 | D:14     | Reached XP level 15. HP: 95/103 MP: 24/28
 24706 | D:15     | Entered Level 15 of the Dungeon
 24715 | D:15     | Reached skill level 14 in Earth Magic
 24825 | D:15     | Reached skill level 10 in Conjurations
 24986 | D:15     | Found Misoyhuv's Gadget Shoppe.
 25474 | D:15     | Found an ancient bone altar of Kikubaaqudgha.
 25588 | D:15     | Reached skill level 6 in Dodging
 25859 | D:15     | Found a staircase to the Depths.
 26015 | Orc:1    | Entered Level 1 of the Orcish Mines
 26650 | Orc:1    | Found a roughly hewn altar of Beogh.
 27058 | Orc:2    | Entered Level 2 of the Orcish Mines
 27228 | Orc:2    | Found a roughly hewn altar of Beogh.
 27231 | Orc:2    | Found a staircase to the Elven Halls.
 28324 | Orc:2    | Noticed an orc warlord
 28396 | Orc:2    | Killed an orc warlord
 29122 | Orc:2    | Found Urryg's Food Emporium.
 29125 | Orc:2    | Reached skill level 9 in Invocations
 29204 | Orc:2    | Found Tijuric's General Store.
 29241 | Orc:2    | Reached skill level 7 in Dodging
 29423 | Orc:2    | Reached skill level 1 in Armour
 29859 | Orc:2    | Reached skill level 2 in Armour
 30258 | Orc:2    | Found Xinocipt's Gadget Shop.
 30258 | Orc:2    | Found a one-way gate leading to the halls of Pandemonium.
 30258 | Orc:2    | Found Noguk's Antique Weapon Boutique.
 30269 | Orc:2    | Bought a phial of floods for 560 gold pieces
 30313 | Orc:2    | Reached skill level 6 in Fighting
 30714 | D:14     | Reached skill level 3 in Armour
 30714 | D:14     | Reached XP level 16. HP: 52/111 MP: 23/29
 31228 | Lair:1   | Killed Harold
 31348 | Lair:1   | Reached skill level 10 in Long Blades
 32500 | Lair:4   | Reached skill level 4 in Armour
 32958 | Snake:1  | Entered Level 1 of the Snake Pit
 33369 | Snake:1  | Got a pitted helmet
 33380 | Snake:1  | Identified the cursed -2 helmet of Hoyl {Dex+4} (You found it on level 1 of the Snake Pit)
 33463 | Snake:1  | Found Beahe's Armour Boutique.
 33466 | Snake:1  | Found Luguz's Distillery.
 33466 | Snake:1  | Found Yris's Food Shop.
 33518 | Snake:1  | Found Yzigagot's Jewellery Shop.
 33561 | Snake:1  | Reached skill level 5 in Armour
 33946 | Snake:1  | Learned a level 2 spell: Blink
 33953 | Snake:1  | Learned a level 1 spell: Apportation
 33956 | Snake:1  | Learned a level 2 spell: Repel Missiles
 34124 | Snake:1  | Reached skill level 7 in Fighting
 34124 | Snake:1  | Reached skill level 1 in Evocations
 34239 | Snake:2  | Noticed Frances
 34249 | Snake:2  | Killed Frances
 34398 | Snake:2  | Reached skill level 10 in Invocations
 34459 | Snake:2  | Reached skill level 6 in Armour
 34460 | Snake:2  | Reached skill level 2 in Evocations
 34735 | Snake:2  | Noticed Vashnia
 34939 | Snake:2  | Killed Vashnia
 35394 | Snake:2  | Reached skill level 3 in Evocations
 35589 | Snake:2  | Reached skill level 8 in Fighting
 35589 | Snake:2  | Reached skill level 7 in Armour
 35809 | Snake:2  | Noticed Aizul
 35826 | Snake:2  | Killed Aizul
 35826 | Snake:2  | Reached XP level 17. HP: 103/122 MP: 24/30
 36927 | Snake:3  | Reached skill level 11 in Invocations
 37174 | Snake:4  | Entered Level 4 of the Snake Pit
 37689 | Snake:4  | Noticed Elitist's ghost (adept TeBe)
 37699 | Snake:4  | Found Naxavic's Distillery.
 37965 | Snake:4  | Reached skill level 12 in Invocations
 38977 | Snake:4  | Reached skill level 4 in Evocations
 39548 | Snake:4  | Killed Elitist's ghost
 39548 | Snake:4  | Reached skill level 11 in Conjurations
 39711 | Snake:4  | Got a serpentine rune of Zot
 40065 | Snake:4  | Reached skill level 5 in Evocations
 40315 | Snake:4  | Reached skill level 9 in Fighting
 40596 | Snake:4  | Reached XP level 18. HP: 125/132 MP: 21/31
 40888 | Snake:4  | Reached skill level 10 in Spellcasting
 41097 | Snake:3  | Reached skill level 6 in Evocations
 42514 | Snake:4  | Reached skill level 8 in Dodging
 42833 | Snake:4  | Reached skill level 7 in Evocations
 43202 | Shoals:1 | Entered Level 1 of the Shoals
 43343 | Shoals:1 | Upgraded the game from 0.20-a0-428-g059cf21 to 0.20-a0-433-g9e36e56
 43497 | Shoals:1 | Reached skill level 10 in Fighting
 43843 | D:8      | Bought a scroll of enchant weapon for 82 gold pieces
 44684 | Shoals:2 | Learned a level 3 spell: Conjure Flame
 44807 | Shoals:2 | Reached skill level 8 in Evocations
 46257 | Shoals:3 | Noticed Polyphemus
 46272 | Shoals:3 | Killed Polyphemus
 46272 | Shoals:3 | Reached XP level 19. HP: 111/142 MP: 20/33
 46323 | Shoals:3 | Reached skill level 9 in Dodging
 46716 | Shoals:3 | Found Govujit's General Store.
 46834 | Shoals:3 | Reached skill level 11 in Long Blades
 47394 | Shoals:4 | Entered Level 4 of the Shoals
 47543 | Shoals:4 | Upgraded the game from 0.20-a0-433-g9e36e56 to 0.20-a0-434-g93bceec
 47670 | Shoals:4 | Learned a level 4 spell: Passage of Golubria
 47696 | Shoals:3 | Reached skill level 11 in Fighting
 48032 | D:13     | Killed Azrael
 48142 | D:13     | Found a gate to the Vaults.
 48148 | D:13     | Reached skill level 1 in Translocations
 48459 | Vaults:1 | Entered Level 1 of the Vaults
 49230 | Shoals:4 | Reached skill level 2 in Translocations
 50200 | Shoals:4 | Noticed Ilsuiw
 50213 | Shoals:4 | Killed Ilsuiw
 50215 | Shoals:4 | Reached skill level 3 in Translocations
 50339 | Shoals:4 | Reached skill level 12 in Long Blades
 50975 | Shoals:4 | Reached skill level 10 in Dodging
 51463 | Shoals:4 | Reached skill level 12 in Conjurations
 51473 | Shoals:4 | Got a barnacled rune of Zot
 51906 | Vaults:1 | Reached XP level 20. HP: 152/152 MP: 34/34
 51913 | Vaults:1 | Reached skill level 1 in Shields
 52096 | Vaults:1 | Reached skill level 2 in Shields
 52115 | Vaults:1 | Found Arha's Book Shop.
 52234 | Vaults:1 | Reached skill level 3 in Shields
 52404 | Vaults:1 | Reached skill level 4 in Shields
 52685 | Vaults:1 | Reached skill level 5 in Shields
 52772 | Vaults:1 | Reached skill level 12 in Fighting
 53196 | Vaults:1 | Reached skill level 13 in Fighting
 53688 | Vaults:1 | Reached skill level 14 in Fighting
 53818 | Vaults:1 | Identified the Compendium of Changing
 54445 | Vaults:2 | Noticed Margery
 54453 | Vaults:2 | Killed Margery
 54453 | Vaults:2 | Reached skill level 13 in Long Blades
 55394 | Vaults:2 | Reached XP level 21. HP: 156/165 MP: 35/35
 55779 | Vaults:2 | Reached skill level 14 in Long Blades
 56806 | Vaults:3 | Found a staircase to the Crypt.
 56806 | Vaults:3 | Found a basalt altar of Yredelemnul.
 56807 | Vaults:3 | Found an ancient bone altar of Kikubaaqudgha.
 57318 | Vaults:3 | Reached skill level 11 in Spellcasting
 57323 | Vaults:3 | Reached skill level 13 in Conjurations
 58036 | Vaults:3 | Reached skill level 15 in Earth Magic
 58698 | Vaults:4 | Found Maiv's Jewellery Emporium.
 58706 | Vaults:4 | Bought a +5 ring of protection for 1100 gold pieces
 59390 | Vaults:4 | Reached skill level 12 in Spellcasting
 59504 | Vaults:4 | Reached XP level 22. HP: 172/172 MP: 38/38
 59806 | Elf:1    | Entered Level 1 of the Elven Halls
 59878 | Elf:1    | Found a ruined gateway.
 59902 | Elf:1    | Learned a level 3 spell: Lesser Beckoning
 59903 | Desolati | Entered the Desolation of Salt
 59951 | Desolati | Reached skill level 14 in Conjurations
 60236 | Desolati | Noticed buddha's ghost (adept HaAr)
 60247 | Desolati | Got a vibrating graven amulet
 60292 | Desolati | Killed buddha's ghost
 60664 | Desolati | Got a translucent plate armour
 60671 | Desolati | Got faintly humming swamp dragon scales
 60864 | Desolati | Identified the Compendium of Glacial Conjuration
 60867 | Desolati | Identified the Reference Book on the Freezing Arsonist
 60893 | Desolati | Got a glittering emerald amulet
 61126 | D:8      | Bought a scroll of identify for 22 gold pieces
 61126 | D:8      | Bought a scroll of identify for 22 gold pieces
 61126 | D:8      | Bought a scroll of identify for 22 gold pieces
 61128 | D:8      | Identified the amulet "Buah" {Faith -Tele Dex+6 SInv} (You found it in the Desolation of Salt)
 61130 | D:8      | Identified the amulet of Icziajonk {Faith +Blink Str+2} (You found it in the Desolation of Salt)
 61143 | D:8      | Identified the +8 plate armour of the Guild-Master {Int+6 Dex+5 Stlth-} (You found it in the Desolation of Salt)
 61153 | D:8      | Identified the cursed +0 swamp dragon scales of a bazaar {rPois Int+3} (You found it in the Desolation of Salt)
 61730 | Elf:1    | Reached skill level 13 in Spellcasting
 61850 | Elf:1    | Found a portal to a secret trove of treasure.
 62104 | Elf:1    | Reached skill level 16 in Earth Magic
 62343 | Elf:2    | Found a huge runed gate.
 62343 | Elf:2    | Found a huge runed gate.
 62343 | Elf:2    | Found a huge runed gate.
 62846 | Elf:2    | Found a huge runed gate.
 62846 | Elf:2    | Found a huge runed gate.
 62942 | Elf:3    | Entered Level 3 of the Elven Halls
 62963 | Elf:3    | Noticed Jorgrun
 62974 | Elf:3    | Killed Jorgrun
 62980 | Elf:3    | Got a translucent brass ring
 62982 | Elf:3    | Identified the ring of Uskayaw's Hatred {rElec Str-2 Int+2 SInv} (You found it on level 3 of the Elven Halls)
 63196 | Elf:3    | Found Less's Magic Scroll Emporium.
 63219 | Elf:3    | Bought a scroll of identify for 32 gold pieces
 63395 | Elf:3    | Learned a level 6 spell: Freezing Cloud
 63447 | Elf:3    | Reached skill level 1 in Ice Magic
 63447 | Elf:3    | Reached skill level 1 in Air Magic
 63600 | Elf:3    | Reached skill level 2 in Ice Magic
 63600 | Elf:3    | Reached skill level 2 in Air Magic
 63660 | Elf:3    | Reached skill level 3 in Air Magic
 63676 | Elf:3    | Reached skill level 3 in Ice Magic
 63873 | Elf:3    | Reached XP level 23. HP: 170/178 MP: 12/40
 63966 | Elf:3    | Reached skill level 4 in Ice Magic
 63966 | Elf:3    | Reached skill level 4 in Air Magic
 64227 | Elf:3    | Identified a scroll of acquirement
 64415 | Elf:3    | Noticed Bai Suzhen
 64421 | Elf:3    | Reached skill level 5 in Ice Magic
 64421 | Elf:3    | Reached skill level 5 in Air Magic
 64427 | Elf:3    | Killed Bai Suzhen
 64576 | Elf:3    | Identified the Papyrus of Boosts
 64947 | Vaults:2 | Reached skill level 15 in Conjurations
 64989 | Crypt:1  | Entered Level 1 of the Crypt
 65548 | Elf:3    | Bought a scroll of acquirement for 832 gold pieces
 65548 | Elf:3    | Bought a scroll of blinking for 120 gold pieces
 65548 | Elf:3    | Bought a scroll of teleportation for 48 gold pieces
 65564 | Elf:3    | Bought a scroll of identify for 32 gold pieces
 65995 | Crypt:1  | Reached skill level 8 in Armour
 66298 | Crypt:1  | Reached skill level 9 in Armour
 66538 | Crypt:1  | Got a distressingly furry chain mail
 66549 | Crypt:1  | Identified the cursed +0 chain mail "Quduam" {Int+2} (You found it on level 1 of the Crypt)
 67466 | Crypt:2  | Reached skill level 10 in Armour
 68449 | Crypt:3  | Entered Level 3 of the Crypt
 68472 | Crypt:3  | Reached skill level 11 in Armour
 68832 | Crypt:3  | Reached skill level 12 in Armour
 68913 | Crypt:3  | Reached XP level 24. HP: 182/186 MP: 12/40
 69328 | Crypt:3  | Found a basalt altar of Yredelemnul.
 69522 | Crypt:3  | Reached skill level 15 in Fighting
 69767 | Crypt:3  | Identified the Guide on Darkness
 70273 | Crypt:3  | Found a staircase to the Tomb.
 70292 | Crypt:3  | Reached skill level 16 in Fighting
 70850 | Depths:1 | Entered Level 1 of the Depths
 71189 | Depths:1 | Found a gateway to Hell.
 72085 | Depths:1 | Reached skill level 14 in Spellcasting
 72351 | Depths:2 | Upgraded the game from 0.20-a0-434-g93bceec to 0.20-a0-435-gf4ea4dd
 73174 | Depths:2 | Reached skill level 17 in Earth Magic
 73900 | Depths:2 | Noticed a storm dragon
 73963 | Depths:2 | Found a runed door.
 74424 | Depths:2 | Noticed a titan
 74427 | Depths:2 | Reached skill level 16 in Conjurations
 74427 | Depths:2 | Killed a titan
 74427 | Depths:2 | Reached XP level 25. HP: 181/197 MP: 19/41
 74792 | Depths:2 | Noticed a storm dragon
 74796 | Depths:2 | Killed a storm dragon
 74857 | Depths:2 | Identified Sif Muna's Tome of Gliding Orientation
 74897 | Depths:2 | Found a gateway to a ziggurat.
 74944 | Depths:2 | Identified the Incunabulum of Limited Liability
 75200 | Depths:2 | Killed a storm dragon
 75458 | Depths:2 | Reached skill level 15 in Spellcasting
 75468 | Depths:2 | Noticed a tengu reaver
 75475 | Depths:2 | Killed a tengu reaver
 75879 | Depths:3 | Noticed a tengu reaver
 75891 | Depths:2 | Killed a tengu reaver
 76379 | Depths:3 | Noticed a tengu reaver
 76382 | Depths:3 | Noticed a titan
 76385 | Depths:3 | Killed a tengu reaver
 76395 | Depths:3 | Killed a titan
 76402 | Depths:3 | Noticed Boris
 76418 | Depths:3 | Killed Boris
 77022 | Depths:3 | Found a one-way gate to the infinite horrors of the Abyss.
 77721 | Depths:4 | Reached skill level 11 in Dodging
 77978 | Depths:4 | Noticed a storm dragon
 77984 | Depths:4 | Reached skill level 13 in Armour
 77986 | Depths:4 | Killed a storm dragon
 78125 | Depths:4 | Gained mutation: You are strongly in touch with the powers of death. [Mummy growth]
 78125 | Depths:4 | Reached XP level 26. HP: 206/206 MP: 23/42
 78510 | Depths:4 | Noticed Boris
 78519 | Depths:4 | Killed Boris
 79066 | Depths:5 | Entered Level 5 of the Depths
 79119 | Depths:5 | Found a magical portal.
 79183 | WizLab   | Entered The Chambers of the Cloud Mage
 79435 | WizLab   | Reached skill level 12 in Dodging
 79546 | WizLab   | Got a jewelled buckler
 79547 | WizLab   | Identified Sif Muna's Collected Works on the Birds
 79556 | WizLab   | Learned a level 6 spell: Deflect Missiles
 79557 | WizLab   | Identified the Papyrus of Feathers
 79578 | WizLab   | Identified the +0 buckler "Ikhiyh" {rPois rF+ MR-} (You found it in a wizard's laboratory)
 79808 | Depths:5 | Found Haoxib's Antique Weapon Boutique.
 80210 | Depths:5 | Reached skill level 1 in Charms
 80277 | Depths:5 | Reached skill level 2 in Charms
 80414 | Depths:5 | Noticed a storm dragon
 80420 | Depths:5 | Killed a storm dragon
 80420 | Depths:5 | Reached skill level 3 in Charms
 80452 | Depths:5 | Found a gate to the Realm of Zot.
 80633 | Depths:5 | Reached skill level 6 in Air Magic
 80823 | Depths:5 | Reached skill level 4 in Charms
 81277 | Slime:1  | Entered Level 1 of the Pits of Slime
 81314 | Slime:1  | Reached skill level 5 in Charms
 81717 | Slime:2  | Reached skill level 6 in Charms
 81836 | Slime:2  | Reached skill level 7 in Air Magic
 82047 | Slime:4  | Reached skill level 7 in Charms
 82119 | Slime:4  | Reached skill level 17 in Fighting
 82138 | Slime:5  | Entered Level 5 of the Pits of Slime
 82563 | Slime:5  | Noticed the Royal Jelly
 82703 | Slime:5  | Reached skill level 14 in Armour
 82783 | Slime:5  | Found a viscous altar of Jiyva.
 82891 | Slime:5  | Killed the Royal Jelly
 83090 | Slime:5  | Got a crude turquoise ring
 83148 | Slime:5  | Got a bound ivory amulet
 83170 | Slime:5  | Got a slimy rune of Zot
 83183 | Slime:5  | Identified the amulet of Nepiw {Harm *Drain rC+ Str+4 Int+8} (You found it on level 5 of the Pits of Slime)
 83185 | Slime:5  | Identified the ring "Inuckiux" {rElec rF++ rN+ Str-3 Int+2} (You found it on level 5 of the Pits of Slime)
 83195 | Slime:5  | Upgraded the game from 0.20-a0-435-gf4ea4dd to 0.20-a0-454-g2b43fbb
 83644 | Zot:1    | Entered Level 1 of the Realm of Zot
 83652 | Zot:1    | Reached XP level 27. HP: 184/215 MP: 25/42
 83717 | Zot:1    | Noticed a curse toe
 83723 | Zot:1    | Killed a curse toe
 83743 | Zot:1    | Noticed a storm dragon
 83758 | Zot:1    | Killed a storm dragon
 83772 | Zot:1    | Reached skill level 13 in Dodging
 84007 | Zot:1    | Noticed a storm dragon
 84009 | Zot:1    | Noticed a storm dragon
 84013 | Zot:1    | Killed a storm dragon
 84015 | Zot:1    | Noticed a death cob
 84020 | Zot:1    | Killed a storm dragon
 84021 | Zot:1    | Killed a death cob
 84287 | Zot:1    | Noticed a storm dragon
 84287 | Zot:1    | Noticed a storm dragon
 84321 | Zot:1    | Killed a storm dragon
 84329 | Zot:1    | Killed a storm dragon
 84606 | Zot:1    | Noticed a storm dragon
 84609 | Zot:1    | Killed a storm dragon
 84781 | Zot:2    | Reached skill level 15 in Armour
 84972 | Zot:2    | Noticed a death cob
 84980 | Zot:2    | Killed a death cob
 85194 | Zot:2    | Noticed a storm dragon
 85204 | Zot:2    | Killed a storm dragon
 85211 | Zot:2    | Noticed a storm dragon
 85229 | Zot:2    | Killed a storm dragon
 85229 | Zot:2    | Reached skill level 18 in Fighting
 85403 | Zot:2    | Noticed an orb of fire
 85726 | Zot:2    | Noticed a storm dragon
 85760 | Zot:2    | Killed a storm dragon
 85797 | Zot:2    | Reached skill level 8 in Air Magic
 85806 | Zot:2    | Noticed a storm dragon
 85809 | Zot:2    | Killed a storm dragon
 85810 | Zot:2    | Noticed a storm dragon
 85823 | Zot:2    | Killed a storm dragon
 85888 | Zot:2    | Reached skill level 8 in Charms
 86374 | Zot:2    | Reached skill level 9 in Air Magic
 86666 | Zot:3    | Noticed a storm dragon
 86677 | Zot:3    | Killed a storm dragon
 86772 | Zot:3    | Noticed an orb of fire
 86781 | Zot:3    | Killed an orb of fire
 86972 | Zot:3    | Reached skill level 14 in Dodging
 86985 | Zot:3    | Noticed a death cob
 86988 | Zot:3    | Killed a death cob
 86989 | Zot:3    | Noticed a death cob
 86996 | Zot:3    | Killed a death cob
 87282 | Zot:3    | Noticed a storm dragon
 87285 | Zot:3    | Killed a storm dragon
 87355 | Zot:3    | Found a corrupted altar of Lugonu.
 87410 | Zot:3    | Reached skill level 18 in Earth Magic
 87521 | Zot:3    | Noticed a death cob
 87524 | Zot:3    | Killed a death cob
 87551 | Zot:3    | Noticed a death cob
 87555 | Zot:3    | Killed a death cob
 87685 | Zot:2    | Noticed a death cob
 87696 | Zot:2    | Killed a death cob
 87761 | Zot:2    | Killed an orb of fire
 88727 | Zot:3    | Noticed a death cob
 88730 | Zot:3    | Killed a death cob
 89115 | Zot:3    | Noticed a death cob
 89123 | Zot:3    | Killed a death cob
 89261 | Zot:3    | Identified Nonaam's Compendium of Fire and Brimstone
 89291 | Zot:3    | Identified the Volume of the Zealot
 89691 | Zot:4    | Noticed a storm dragon
 89695 | Zot:4    | Noticed a death cob
 89703 | Zot:4    | Killed a storm dragon
 89708 | Zot:4    | Killed a death cob
 89975 | Zot:4    | Reached skill level 16 in Armour
 90125 | Zot:4    | Reached skill level 19 in Fighting
 90667 | Zot:5    | Entered Level 5 of the Realm of Zot
 90886 | Zot:5    | Noticed a storm dragon
 90890 | Zot:5    | Killed a storm dragon
 91086 | Zot:5    | Reached skill level 17 in Conjurations
 91413 | Zot:5    | Noticed an ancient lich
 91422 | Zot:5    | Noticed an electric golem
 91430 | Zot:5    | Killed an electric golem
 91496 | Zot:5    | Noticed an ancient lich
 91504 | Zot:5    | Noticed a death cob
 91508 | Zot:5    | Killed an ancient lich
 91515 | Zot:5    | Killed a death cob
 91619 | Zot:5    | Noticed an ancient lich
 91633 | Zot:5    | Killed an ancient lich
 91633 | Zot:5    | Reached skill level 19 in Earth Magic
 91796 | Zot:5    | Killed an ancient lich
 91849 | Zot:5    | Noticed an electric golem
 91861 | Zot:5    | Killed an electric golem
 91902 | Zot:5    | Noticed an orb of fire
 91926 | Zot:5    | Killed an orb of fire
 91962 | Zot:5    | Noticed a storm dragon
 91966 | Zot:5    | Killed a storm dragon
 92013 | Zot:5    | Noticed an ancient lich
 92016 | Zot:5    | Killed an ancient lich
 92167 | Zot:5    | Noticed a curse toe
 92168 | Zot:5    | Noticed a death cob
 92182 | Zot:5    | Killed a curse toe
 92187 | Zot:5    | Killed a death cob
 92251 | Zot:5    | Noticed a storm dragon
 92260 | Zot:5    | Killed a storm dragon
 92398 | Zot:5    | Noticed a storm dragon
 92398 | Zot:5    | Reached skill level 20 in Fighting
 92412 | Zot:5    | Killed a storm dragon
 92543 | Zot:5    | Noticed a death cob
 92546 | Zot:5    | Noticed an orb of fire
 92547 | Zot:5    | Killed a death cob
 92554 | Zot:5    | Killed an orb of fire
 92557 | Zot:5    | Noticed a storm dragon
 92572 | Zot:5    | Killed a storm dragon
 92790 | Zot:5    | Noticed an orb of fire
 92797 | Zot:5    | Killed an orb of fire
 92839 | Zot:5    | Noticed an orb of fire
 92914 | Zot:5    | Noticed an ancient lich
 92923 | Zot:5    | Killed an ancient lich
 92923 | Zot:5    | Reached skill level 18 in Conjurations
 93598 | Zot:5    | Noticed a storm dragon
 93609 | Zot:5    | Killed a storm dragon
 93803 | Zot:5    | Killed an orb of fire
 93918 | Zot:5    | Reached skill level 20 in Earth Magic
 94176 | Zot:5    | Reached skill level 21 in Fighting
 94390 | Zot:5    | Got the Orb of Zot
 94432 | Zot:5    | Noticed Wuergh the pandemonium lord
 94439 | Zot:5    | Killed Wuergh the pandemonium lord
 94478 | Zot:5    | Noticed a death cob
 94490 | Zot:5    | Killed a death cob
 94832 | Depths:3 | Noticed Hoenesat the pandemonium lord
 94838 | Depths:3 | Killed Hoenesat the pandemonium lord
 95215 | D:$      | Escaped with the Orb!

Vanquished Creatures
  the Royal Jelly (Slime:5)
  5 ancient liches (Zot:5)
  6 orbs of fire
  Boris (twice) (Depths:3 Depths:4)
  Bai Suzhen (Elf:3)
  Vashnia (Snake:2)
  6 Killer Klowns
  2 pandemonium lords
  2 curse toes
  14 golden dragons
  2 electric golems (Zot:5)
  Jorgrun (Elf:3)
  A Cloud Mage (WizLab)
  25 tentacled monstrosities
  A lich (Depths:2)
  30 Orb Guardians
  The ghost of buddha the Hand of Fortune, an adept HaAr of Nemelex Xobeh (Desolation)
  Rupert (Lair:3)
  2 deep elf master archers (Elf:3)
  A titan (Depths:2)
  2 deep elf blademasters (Elf:3)
  5 ancient champions
  4 quicksilver dragons
  Frances (Snake:2)
  14 death cobs
  An Executioner (Zot:5)
  13 acid blobs
  Polyphemus (Shoals:3)
  24 storm dragons
  3 tengu reavers
  The ghost of Elitist the Markstengu, an adept TeBe of Trog (Snake:4)
  11 draconian monks
  7 shadow dragons
  Ilsuiw (Shoals:4)
  8 fire giants
  9 nagarajas
  2 imperial myrmidons (Desolation)
  9 azure jellies
  A balrug (Depths:3)
  4 revenants
  8 deep elf sorcerers
  10 vault wardens
  2 orc warlords
  3 ghost moths
  11 draconian knights
  15 frost giants
  An iron dragon (Depths:4)
  Aizul (Snake:2)
  3 ghouls (Crypt:1)
  11 draconian scorchers
  8 draconian shifters
  9 draconian stormcallers
  A curse skull (Crypt:2)
  4 deep elf elementalists (Elf:3)
  20 ironheart preservers
  5 draconian annihilators
  28 stone giants
  2 entropy weavers
  9 very ugly things
  9 deep elf demonologists
  22 vampire knights
  14 green draconians
  13 red draconians
  16 yellow draconians
  17 black draconians
  15 white draconians
  14 deep elf annihilators
  5 spark wasps
  Azrael (D:13)
  16 purple draconians
  4 eidola
  A halazid warlock (Desolation)
  3 crystal guardians (Desolation)
  9 merfolk javelineers
  12 ettins
  11 fire dragons
  The ghost of archon2 the Destroyer, a journeyman DsFE of Vehumet (Lair:1)
  14 death oozes
  3 deep elf high priests
  8 deep elf death magi
  A blizzard demon (D:5)
  14 jiangshi
  15 merfolk impalers
  10 ragged hierophants (Desolation)
  11 yaktaur captains
  10 hydras
  5 peacekeepers
  17 ogre magi
  Harold (Lair:1)
  16 ice dragons
  6 vault guards
  12 great orbs of eyes
  7 rakshasas
  18 naga warriors
  15 centaur warriors
  5 servants of whispers (Desolation)
  9 spriggan air magi
  4 merfolk avatars
  An alligator snapping turtle (Shoals:4)
  7 death knights
  16 anacondas
  4 merfolk aquamancers
  17 dancing weapons
  9 deep troll shamans
  5 satyrs
  13 deep troll earth magi
  6 catoblepae
  61 two-headed ogres
  6 tengu warriors
  14 vampire magi
  8 death yaks
  A titan zombie (Crypt:3)
  An alligator (shapeshifter) (Vaults:2)
  23 naga sharpshooters
  A storm dragon zombie (Crypt:3)
  Urug (D:12)
  6 orc high priests
  7 spriggan berserkers
  A small abomination (Elf:3)
  13 shock serpents
  5 sun demons (Depths:3)
  8 hell knights
  A soul eater (Crypt:1)
  14 deep elf knights
  6 iron trolls
  56 skeletal warriors
  8 shadow wraiths
  10 salamander mystics
  18 sea snakes
  2 sixfirhies
  A glowing orange brain (shapeshifter) (Depths:4)
  15 deep elf archers
  5 glowing orange brains
  6 unseen horrors
  7 naga ritualists
  An anaconda skeleton (Crypt:1)
  8 flayed ghosts
  An infernal demonspawn (Orc:2)
  A torturous demonspawn (Orc:2)
  5 necromancers
  40 deep trolls
  18 ironbrand convokers
  An iron giant zombie (Crypt:1)
  4 lindwurms (Snake:4)
  14 harpies
  5 wizards
  24 phantasmal warriors
  An orb spider (shapeshifter) (Vaults:3)
  A harpy (shapeshifter) (Depths:2)
  5 wolf spiders
  8 orc sorcerers (Orc:2)
  15 orc knights
  A mana viper (shapeshifter) (Depths:4)
  63 deep elf magi
  23 mana vipers
  7 shining eyes
  2 shadow dragon skeletons
  A tengu skeleton (Depths:2)
  A moth of wrath (shapeshifter) (Vaults:2)
  3 oklob plants (Lair:1)
  19 salamanders
  11 cyclopes
  A stone giant zombie (Vaults:2)
  A cyclops (shapeshifter) (Vaults:1)
  4 elephants (Lair:6)
  24 fauns
  39 ugly things
  28 moths of wrath
  A fire giant skeleton (Vaults:2)
  A stone giant skeleton (Depths:2)
  19 manticores
  9 water nymphs
  13 merfolk sirens
  14 vault sentinels
  2 frost giant skeletons (Crypt:2)
  13 guardian serpents
  A rust devil (Depths:3)
  23 naga magi
  3 eyes of devastation
  2 molten gargoyles (Desolation)
  A dire elephant zombie (Crypt:3)
  42 black mambas
  A smoke demon (Orc:2)
  2 gargoyles
  18 spiny frogs
  2 rime drakes
  A torpor snail (Lair:5)
  3 kobold demonologists
  A green draconian zombie (Crypt:3)
  The ghost of Harvester the Changer, a novice OpTm (D:5)
  20 freezing wraiths
  2 komodo dragons (shapeshifter)
  A white draconian zombie (Crypt:3)
  10 komodo dragons
  An efreet (D:14)
  45 yaktaurs
  A swamp worm zombie (Crypt:2)
  40 merfolk
  A tengu conjurer (Depths:2)
  11 trolls
  2 hydra zombies
  2 queen bees
  2 wolf spider simulacra (D:15)
  42 saltlings (Desolation)
  7 hornets
  13 wind drakes
  A polar bear (Lair:4)
  A death yak skeleton (Crypt:3)
  Prince Ribbit (D:4)
  9 blink frogs
  2 hornets (shapeshifter)
  2 jumping spiders (Vaults:1)
  99 slime creatures
  A fire giant simulacrum (Vaults:1)
  18 dream sheep
  A blink frog (shapeshifter) (D:13)
  7 snapping turtles
  18 hippogriffs
  An ice dragon zombie (Crypt:3)
  A hippogriff (shapeshifter) (Elf:1)
  An ettin zombie (Crypt:3)
  A frost giant simulacrum (Vaults:3)
  A redback (Vaults:1)
  7 spriggans
  A spriggan (shapeshifter) (Vaults:2)
  3 ynoxinuls
  33 air elementals
  3 shadows
  54 yaks
  A centaur simulacrum (D:14)
  7 flying skulls
  22 wraiths
  2 tarantellas (shapeshifter)
  7 wyverns
  A black mamba skeleton (Crypt:1)
  24 water elementals
  A yak (shapeshifter) (D:12)
  4 hungry ghosts
  8 fire elementals
  A hog (shapeshifter) (Vaults:1)
  A golden eye (shapeshifter) (Vaults:4)
  11 golden eyes
  3 basilisks
  2 neqoxecs
  A yaktaur simulacrum (Vaults:1)
  4 human simulacra
  A chaos spawn (Zot:5)
  Menkaure (D:4)
  8 insubstantial wisps (WizLab)
  Edmund (D:5)
  10 vampire mosquitoes
  6 wargs
  49 nagas
  A harpy simulacrum (Vaults:1)
  A soldier ant (shapeshifter) (Elf:3)
  The ghost of Ofeo the Bolt Thrower, an amateur KoAM (D:6)
  A large abomination (Zot:5)
  An acid dragon (D:13)
  15 water moccasins
  5 hell hounds
  A water moccasin (shapeshifter) (Depths:2)
  A water nymph skeleton (Crypt:1)
  3 floating eyes
  A floating eye (shapeshifter) (Depths:3)
  4 black bears
  4 ice beasts
  10 porcupines
  A two-headed ogre skeleton (Crypt:3)
  4 human skeletons
  67 orc warriors
  5 sky beasts
  A dream sheep zombie (Crypt:1)
  3 eyes of draining
  5 phantoms
  3 necrophages
  A snapping turtle zombie (Crypt:3)
  31 wolves
  8 boggarts
  43 ogres
  13 crocodiles
  24 centaurs
  An elf skeleton (Vaults:3)
  A draconian zombie (Crypt:2)
  The ghost of frankzf the Caller, an amateur TeSu (D:3)
  25 bullfrogs
  8 big kobolds
  A fire crab zombie (Crypt:3)
  A hippogriff skeleton (Crypt:2)
  A wyvern zombie (D:12)
  An earth elemental (Orc:2)
  A wyvern skeleton (D:12)
  3 troll zombies (D:12)
  6 scorpions
  48 killer bees
  15 wights
  2 howler monkeys
  A polar bear skeleton (Crypt:2)
  An electric eel (Elf:3)
  13 crimson imps
  6 bullfrog zombies
  A quasit (Zot:3)
  4 centaur zombies
  A hound (shapeshifter) (Vaults:3)
  4 centaur skeletons
  2 demonspawn zombies (Crypt:1)
  45 orc priests
  7 hounds
  5 jellies
  36 orc wizards
  Crazy Yiuf (D:5)
  4 bullfrog skeletons
  An iron imp (D:12)
  4 iguanas
  Natasha (twice) (D:2)
  14 worker ants
  A killer bee zombie (Crypt:3)
  3 ogre zombies (D:12)
  An acid dragon skeleton (Crypt:1)
  A hound zombie (D:7)
  3 worker ant zombies
  12 gnolls
  9 adders
  A hell rat skeleton (Crypt:2)
  A howler monkey skeleton (D:6)
  3 shadow imps
  2 white imps (Vaults:1)
  3 oozes
  A halfling skeleton (Crypt:3)
  2 dart slugs (D:1)
  6 leopard geckos
  131 orcs
  9 bats
  A bat skeleton (Crypt:2)
  4 giant cockroaches
  2 gnoll zombies (D:6)
  5 hobgoblins
  9 jackals
  16 kobolds
  10 quokkas
  2 ball pythons
  7 frilled lizards
  A giant cockroach zombie (D:5)
  7 goblins
  3 goblin skeletons (D:12)
  2 goblin zombies (D:12)
  A hobgoblin skeleton (D:12)
  2 hobgoblin zombies (D:12)
  A leopard gecko skeleton (D:8)
  2 orc skeletons (D:12)
  9 orc zombies (D:12)
  A quokka zombie (D:8)
  12 rats
  2 plants (Shoals:4)
3152 creatures vanquished.

Vanquished Creatures (collateral kills)
  Margery (Vaults:2)
  A titan (Depths:3)
  A hell knight (Vaults:2)
  A dream sheep (shapeshifter) (Depths:3)
4 creatures vanquished.

Vanquished Creatures (others)
  A draconian monk (Zot:4)
  A draconian knight (Zot:2)
  A deep elf knight (Vaults:1)
  A deep elf mage (Vaults:1)
  A vault sentinel (Vaults:1)
  A pale draconian zombie (Crypt:3)
  A golden eye (shapeshifter) (Vaults:2)
  3 ogres
  14 fungi
  26 plants
50 creatures vanquished.

Grand Total: 3206 creatures vanquished
